 Dungeon Crawl Stone Soup version 0.28-a0-816-gb054d885db (webtiles) character file.

Game seed: 10526263788102170194

199 Crownlay the Chopper (level 5, -1/45 HPs)
             Began as a Hill Orc Fighter on Nov 8, 2021.
             Slain by a scorpion (5 damage)
             ... on level 4 of the Dungeon.
             The game lasted 00:02:52 (3191 turns).

Crownlay the Chopper (Hill Orc Fighter)             Turns: 3191, Time: 00:02:53

Health: -1/45      AC:  8    Str: 20    XL:     5   Next: 77%
Magic:  5/5        EV:  9    Int:  8    God:
Gold:   151        SH:  4    Dex: 10    Spells: 4/4 levels left

rFire   . . .      SeeInvis .   a - +0 war axe
rCold   . . .      Faith    .   c - +0 buckler
rNeg    . . .      Spirit   .   b - +0 scale mail
rPois   .          Reflect  .   (no helmet)
rElec   .          Harm     .   v - +0 cloak
rCorr   .          Rampage  .   (no gloves)
Will    .....                   (no boots)
Stlth   ..........              (no amulet)
HPRegen 0.15/turn               n - ring of flight
MPRegen 0.09/turn               (no ring)

@: lethally poisoned (-1 -> -2), flying
A: no striking features
a: no special abilities


You were on level 4 of the Dungeon.
You visited 1 branch of the dungeon, and saw 4 of its levels.

You collected 151 gold pieces.

Inventory:

Hand Weapons
 a - a +0 war axe (weapon)
Missiles
 j - a boomerang (quivered)
 t - 2 javelins
Armour
 b - a +0 scale mail (worn)
 c - a +0 buckler (worn)
 k - a +0 kite shield
 v - a +0 cloak (worn)
Jewellery
 n - a ring of flight (left hand)
Scrolls
 i - a scroll of noise {unknown}
 o - a scroll of identify {unknown}
 q - 2 scrolls of amnesia {unknown}
 s - a scroll of acquirement {unknown}
 u - a scroll of blinking {unknown}
 w - a scroll of enchant weapon {unknown}
Potions
 d - a potion of might
 e - a potion of invisibility {unknown}
 f - 2 potions of curing {unknown}
 g - 2 potions of lignification {unknown}
 h - a potion of degeneration {unknown}
 l - a potion of mutation {unknown}
 m - a potion of haste {unknown}
 p - a potion of brilliance {unknown}
 r - 2 potions of heal wounds {unknown}


   Skills:
 - Level 3.6 Fighting
 * Level 7.2 Axes
 - Level 3.2 Armour
 - Level 4.0 Shields


You had 4 spell levels left.
You didn't know any spells.
Your spell library contained the following spells:

 Spells                   Type           Power      Damage    Failure   Level
 Airstrike                Air            0%         N/A       100%        4
 Summon Lightning Spire   Summ/Air       0%         N/A       100%        4
 Lightning Bolt           Conj/Air       0%         1d11      100%        5


Dungeon Overview and Level Annotations

Branches:
Dungeon (4/15)
 Temple: D:4-7

Altars:
Makhleb
Qazlal

Annotations:
D:3 1 runed translucent door, sastreii's ghost, amateur DrGl


Message History

Found 13 sling bullets.
You hit the scorpion but do no damage. The scorpion stings you.
You barely miss the scorpion. The scorpion stings you.
You are poisoned.
The scorpion poisons you!
You closely miss the scorpion.
You feel very sick.
The scorpion stings you but does no damage.
The scorpion stings you.
You closely miss the scorpion.
You feel sick. You block the scorpion's attack.
You closely miss the scorpion.
You feel sick. The scorpion stings you.
The scorpion stings you but does no damage.
You slash the scorpion!
The scorpion is heavily wounded.
You feel sick. You block the scorpion's attack.
You closely miss the scorpion.
The scorpion is heavily wounded.
You feel sick. The scorpion stings you!
You are too injured to fight recklessly!
You are too injured to fight recklessly!
You are too injured to fight recklessly!
You are too injured to fight recklessly!
You are too injured to fight recklessly!
You are too injured to fight recklessly!
You are too injured to fight recklessly!
You are too injured to fight recklessly!
You are too injured to fight recklessly!
You are too injured to fight recklessly!
You are too injured to fight recklessly!
You are too injured to fight recklessly!
You are too injured to fight recklessly!
You closely miss the scorpion.
The scorpion is heavily wounded.
You feel sick. The scorpion stings you!
* * * LOW HITPOINT WARNING * * *
You block the scorpion's attack.
You hit the scorpion.
The scorpion is heavily wounded.
You feel sick. The scorpion stings you.
You die...

#......##.# ####
(......... ...#
.##.....##.####.#.#.
..........).........
...................
###.....##......#
.......s##......#
.......@##<.....# #
#######.####)...##.#
#.# ####....#
#.#######†######
#..........# ...
####..........#....
....................
#####..........#....
#..........#.....


You could see a scorpion.

Vanquished Creatures
  2 iguanas (D:3)
  Jessica (D:3)
  Terence (D:3)
  2 adders (D:2)
  An adder skeleton (D:4)
  A worm (D:3)
  2 dart slugs
  3 orcs (D:3)
  4 ball pythons
  9 endoplasms
  3 giant cockroaches
  4 goblins
  2 hobgoblins
  9 jackals
  2 kobolds
  2 quokkas
  5 bats
  5 frilled lizards
  4 rats
62 creatures vanquished.

Notes
Turn   | Place    | Note
-------+----------+-------------------------------------------
     0 | D:1      | Crownlay the Hill Orc Fighter began the quest for the Orb.
     0 | D:1      | Reached XP level 1. HP: 19/19 MP: 1/1
    84 | D:1      | Reached skill level 3 in Axes
   236 | D:1      | Reached XP level 2. HP: 23/26 MP: 2/2
   995 | D:2      | Reached skill level 4 in Axes
   995 | D:2      | Reached XP level 3. HP: 17/31 MP: 3/3
  1424 | D:2      | Found a stormy altar of Qazlal.
  1924 | D:3      | Found a runed translucent door.
  1925 | D:3      | Noticed sastreii's ghost (amateur DrGl)
  1940 | D:3      | Noticed Jessica
  1948 | D:3      | Reached XP level 4. HP: 27/39 MP: 4/4
  1952 | D:3      | Found a burning altar of Makhleb.
  1956 | D:3      | Killed Jessica
  1957 | D:3      | Reached skill level 5 in Axes
  2366 | D:3      | Reached skill level 6 in Axes
  2366 | D:3      | Reached XP level 5. HP: 19/45 MP: 5/5
  2764 | D:3      | Noticed Terence
  2772 | D:3      | Killed Terence
  2773 | D:3      | Reached skill level 7 in Axes
  3191 | D:4      | Slain by a scorpion

Illustrated notes

Levels and vault maps discovered:
D:1:      scummos_arrival_hexagon, layout_basic, chequers_serial_rivers_room_b
D:2:      layout_basic, basic_altar
D:3:      layout_rooms, mainiacjoe_overflow_catwalk, ebering_ghost_sewer_d,
          minmay_fractal_squares_diagonal_5, uniq_terence, uniq_jessica
D:4:      layout_basic, nicolae_dithmenos_shadow_blocks

Skill      XL: |  1  2  3  4  5 |
---------------+----------------+-----
Axes           | 3 4 6 7 |  7.2
Shields        | 4 |  4.0
Fighting       | |  3.6
Armour         | |  3.2

Action                   |  1- 3 |  4- 6 || total
-------------------------+-------+-------++-------
Melee: War axe           |    91 |    85 ||   176
Throw: Boomerang         |       |    44 ||    44
Armor: Scale mail        |    39 |    32 ||    71
Dodge: Dodged            |    51 |    33 ||    84
Block: Buckler           |    24 |    21 ||    45

Table legend: (Time is in decaauts)
 A = Elapsed time spent in this place.
 B = Non-inter-level travel time spent in this place.
 C = Inter-level travel time spent in this place.
 D = Time resting spent in this place.
 E = Time spent auto-exploring this place.
 F = Levels seen in this place.
 G = Mean time per level.
                   A        B        C        D        E       F      G
               +--------+--------+--------+--------+--------+-----+--------+
         Total |   3250 |   3143 |    107 |      0 |   2670 |   4 |  812.5 |
       Dungeon |   3250 |   3143 |    107 |      0 |   2670 |   4 |  812.5 |
               +--------+--------+--------+--------+--------+-----+--------+

Top non-repeatable levels by time:
     D:3: 1220 daAuts
     D:2: 991 daAuts
     D:1: 949 daAuts
     D:4: 89 daAuts
